 Dungeon Crawl Stone Soup version 0.28.0-1-gb440e238dd (webtiles) character file.

Game seed: 1714340861657298590

91354 issech the Bludgeoner (level 15, -9/154 HPs)
             Began as a Troll Monk on Feb 24, 2022.
             Was a High Priest of Hepliaklqana.
             Mangled by an iron troll (18 damage)
             ... on level 1 of the Depths.
             The game lasted 01:34:31 (18043 turns).

issech the Bludgeoner (Troll Monk)                 Turns: 18043, Time: 01:34:32

Health: -9/154     AC: 13    Str: 25    XL:     15   Next: 54%
Magic:  14/14      EV: 17    Int:  8    God:    Hepliaklqana [*****.]
Gold:   1041       SH:  5    Dex: 24    Spells: 14/14 levels left

rFire   + + .      SeeInvis .   X - +10 battleaxe "Jicol" {drain, rElec Will+}
rCold   . . .      Faith    .   (shield currently unavailable)
rNeg    + + .      Spirit   .   Q - +2 acid dragon scales
rPois   .          Reflect  +   N - +0 hat
rElec   +          Harm     .   f - +0 cloak of Essas {Contam rN++ Int+2 Dex+3}
rCorr   +          Rampage  .   (gloves unavailable)
Will    +++..                   (boots unavailable)
Stlth   +++.......              s - amulet "Giuwinyx" {Reflect Contam rF+ Dex+5 Slay+6 SH+5}
HPRegen 1.15/turn               W - ring of protection from fire
MPRegen 0.14/turn               n - ring of willpower

@: no status effects
A: reduced essence, large, unfitting armour, claws 3, regeneration 1, shaggy fur
1, tough skin 1, talons 1, robust 1
a: Renounce Religion, Recall Ancestor, Ancestor Identity, Transference, Idealise


You were on level 1 of the Depths.
You worshipped Hepliaklqana.
Hepliaklqana was extremely pleased with you.
You visited 3 branches of the dungeon, and saw 17 of its levels.

You collected 1379 gold pieces.
You spent 338 gold pieces at shops.

Inventory:

Hand Weapons
 a - a +5 dire flail of protection
 j - a +3 flail of protection
 E - a +3 vorpal demon whip
 F - a +3 longbow of flaming
 L - a +4 arbalest
 U - a +3 morningstar
 X - the +10 battleaxe "Jicol" (weapon) {drain, rElec Will+}
   (You took it off a centaur on level 13 of the Dungeon)

   A truly terrible weapon, it drains the life of any living foe it strikes.
   rElec:     It insulates you from electricity.
   Will:      It increases your willpower.
 Y - a +0 giant spiked club of protection
Missiles
 d - 591 stones
 h - 2 silver boomerangs
 k - 915 arrows
 l - 154 sling bullets
 u - 36 poisoned darts
 w - 5 throwing nets
 z - 91 bolts
 A - 67 large rocks (quivered)
 C - 6 atropa-tipped darts
Armour
 f - the +0 cloak of Essas (worn) {Contam rN++ Int+2 Dex+3}
   (You bought it in a shop on level 14 of the Dungeon)

   Int:       It affects your intelligence (+2).
   Dex:       It affects your dexterity (+3).
   rN:        It greatly protects you from negative energy.
   Contam:    It causes magical contamination when unequipped.
 t - a +0 troll leather armour
 N - a +0 hat (worn)
 Q - +2 acid dragon scales (worn)
 R - a +0 kite shield
 S - a +2 robe of fire resistance
Magical Staves
 e - a staff of conjuration
Jewellery
 n - a ring of willpower (right claw)
 o - the ring "Kohoum" {rC+ Dex+6}
   (You acquired it on level 1 of the Depths)

   [ring of dexterity]

   Dex:       It affects your dexterity (+6).
   rC:        It protects you from cold.
 s - the amulet "Giuwinyx" (around neck) {Reflect Contam rF+ Dex+5 Slay+6 SH+5}
   (You found it on level 3 of the Dungeon)

   [amulet of reflection]

   It reflects blocked missile attacks.
   Dex:       It affects your dexterity (+5).
   Slay:      It affects your accuracy & damage with ranged weapons and melee
   (+6).
   rF:        It protects you from fire.
   Contam:    It causes magical contamination when unequipped.
   SH:        It affects your SH (+5).
 D - the amulet of the Sky {RegenMP rElec rF+ Str+4}
   (You found it on level 1 of the Depths)

   [amulet of magic regeneration]

   It increases your rate of magic regeneration.
   Str:       It affects your strength (+4).
   rF:        It protects you from fire.
   rElec:     It insulates you from electricity.
 O - an amulet of the acrobat
 W - a ring of protection from fire (left claw)
Wands
 y - a wand of paralysis (10)
 M - a wand of flame (36)
 P - a wand of iceblast (8)
 V - a wand of polymorph (2)
Scrolls
 p - a scroll of teleportation
 v - 3 scrolls of magic mapping
 x - 3 scrolls of silence
 I - 2 scrolls of fog
 T - 3 scrolls of amnesia
Potions
 b - a potion of brilliance
 c - 3 potions of lignification
 g - a potion of invisibility
 i - 11 potions of curing
 m - 3 potions of flight
 r - 7 potions of heal wounds
 B - 2 potions of mutation
 G - 5 potions of haste
 H - a potion of berserk rage
 K - 3 potions of might
 Z - 2 potions of cancellation
Miscellaneous
 q - a phantom mirror
 J - a box of beasts


   Skills:
 + Level 11.5 Fighting
 + Level 5.6(10.8) Axes
 + Level 15.3(15.8) Maces & Flails
 + Level 1.3 Throwing
 + Level 6.8 Armour
 + Level 9.5 Dodging
 + Level 5.8 Stealth
 + Level 6.4 Shields
 + Level 0.6 Unarmed Combat


You had 14 spell levels left.
You didn't know any spells.
Your spell library contained the following spells:

 Spells                   Type           Power      Damage    Failure   Level
 Apportation              Tloc           0%         N/A       45%         1
 Sting                    Tmut/Pois      0%         1d3       45%         1
 Poisonous Vapours        Pois/Air       0%         N/A       61%         2
 Static Discharge         Conj/Air       0%         N/A       61%         2
 Gell's Gravitas          Tloc           0%         N/A       83%         3
 Lesser Beckoning         Tloc           0%         N/A       83%         3
 Teleport Other           Tloc           0%         N/A       83%         3
 Dispel Undead            Necr           0%         3d6       99%         4
 Hailstorm                Conj/Ice       0%         3d3       99%         4
 Leda's Liquefaction      Hex/Erth       0%         N/A       99%         4
 Olgreb's Toxic Radiance  Pois           0%         N/A       99%         4
 Passage of Golubria      Tloc           0%         N/A       99%         4
 Sticky Flame             Conj/Fire      0%         2d3       99%         4
 Lee's Rapid Deconstruct  Erth           0%         3d5*      100%        5
 Silence                  Hex/Air        0%         N/A       100%        5
 Statue Form              Tmut/Erth      0%         N/A       100%        6
 Lehudib's Crystal Spear  Conj/Erth      0%         10d2      100%        8


Dungeon Overview and Level Annotations

Branches:
Dungeon (15/15)            Temple (1/1) D:4            Lair (0/6) D:11
    Orc (0/2) D:10         Vaults (0/5) D:13         Depths (1/4) D:15

Altars:
Ashenzari
Cheibriados
Dithmenos
Elyvilon
Fedhas
Gozag
Hepliaklqana
Kikubaaqudgha
Makhleb
Nemelex Xobeh
Okawaru
Qazlal
Ru
Sif Muna
Trog
Uskayaw
Vehumet
Wu Jian
Xom
Yredelemnul
Zin
The Shining One
Beogh

Shops:
D:6 *![(   D:11 *!   D:14 [   Depths:1 :=?*

Annotations:
D:11 3 runed translucent doors, FizzleBang's ghost, journeyman GnWn


Innate Abilities, Weirdness & Mutations

Your life essence is reduced to manifest your ancestor. (-10% HP)
You are too large for most types of armour.
You have claws for hands.
Your natural rate of healing is unusually fast.
You are covered in fur. (AC +1)
You have tough skin. (AC +1)
You have sharp toenails.
You are robust. (+10% HP)


Message History

You kill the deep troll shaman!
The troll leather armour is intact enough to wear.
The deep troll bites you but does no damage.
The deep troll claws you but does no damage.
The deep troll claws you!
You carve the deep troll like a ham!!!
You claw the deep troll, but do no damage.
The deep troll is severely wounded.
The deep troll completely misses you. The deep troll claws you.
You block the deep troll's attack.
You slash the deep troll!
The deep troll is almost dead.
The deep troll misses you. You block the deep troll's attack.
The deep troll claws you! The deep troll misses you. The deep troll claws you!
The deep troll closely misses you.
You slice the deep troll!!
You kill the deep troll!
The troll leather armour is intact enough to wear.
The iron troll bites you but does no damage.
The iron troll claws you but does no damage.
The iron troll claws you!!
Items here: [[ ††.
You slash the iron troll! You drain the iron troll.
The iron troll is moderately wounded.
The iron troll completely misses you.
The iron troll claws you but does no damage.
The iron troll claws you!! The iron troll closely misses you.
The iron troll claws you. The iron troll closely misses you.
You slash the iron troll!
You claw the iron troll, but do no damage.
The iron troll is heavily wounded.
The iron troll bites you!!
* * * LOW HITPOINT WARNING * * *
The iron troll barely misses you. The iron troll claws you.
* * * LOW HITPOINT WARNING * * *
There is an open door, spattered with blood here.
The iron troll bites you!
* * * LOW HITPOINT WARNING * * *
The iron troll claws you!!
You die...

...♣#............ #.......
[..♣#............ #.......
♣♣♣♣#........>... #.......
#####...........# #.......
........##################.......
.........# #............########
.........####............#
...............(.........###
................@T.T.........
....≈.≈.#....#######T####....
...≈≈.≈≈#...###### #[# ....
.?.≈≈∩≈≈#...#.....##T####....
...≈≈≈≈≈...##.......T........
....≈≈≈.....#................
............#................
...##.......#.....##.[....... ###
#.......#................


You could see an iron troll (fast, strong, drained), a deep troll (strong) and a
deep troll shaman (strong).

Vanquished Creatures
  A tengu reaver (Depths:1)
  2 fire giants
  2 frost giants
  A ghost moth (shapeshifter) (D:15)
  5 very ugly things
  3 stone giants
  A vampire knight (Depths:1)
  An ettin (Depths:1)
  A fire dragon (D:15)
  A great orb of eyes (D:15)
  2 yaktaur captains (D:15)
  3 ice dragons (Depths:1)
  4 boulder beetles
  5 hydras
  A vault guard (D:13)
  A rakshasa (D:15)
  4 two-headed ogres
  9 centaur warriors
  2 catoblepae
  A death knight (D:15)
  A deep troll shaman (Depths:1)
  4 tengu warriors
  A hell knight (D:15)
  2 skeletal warriors
  2 deep trolls
  A deep elf archer (D:15)
  2 necromancers (D:13)
  A wizard (D:13)
  A deep elf zephyrmancer (D:15)
  An orc knight (D:15)
  3 deep elf pyromancers
  16 ugly things
  11 cyclopes
  3 manticores
  A centaur zombie (D:11)
  2 gargoyles
  A water nymph (shapeshifter) (D:15)
  2 efreet (D:15)
  2 komodo dragons
  An unseen horror (D:11)
  A yaktaur (D:15)
  A kobold demonologist (D:10)
  A tengu conjurer (D:13)
  3 meliai (D:15)
  A troll (shapeshifter) (D:15)
  2 trolls
  A meliai (shapeshifter) (D:15)
  A wolf spider simulacrum (D:15)
  A tarantella (shapeshifter) (D:15)
  Prince Ribbit (D:5)
  A hornet (D:9)
  3 slime creatures
  A shadow (D:12)
  A jumping spider (shapeshifter) (D:15)
  A culicivora (shapeshifter) (D:15)
  12 yaks
  A wyvern (shapeshifter) (D:15)
  A basilisk (D:15)
  4 wraiths
  A hog (D:15)
  16 humans (D:13)
  A basilisk (shapeshifter) (D:15)
  9 vampire mosquitoes
  2 redbacks (D:15)
  2 acid dragons
  3 water moccasins
  A sky beast (D:5)
  4 orc warriors
  5 black bears
  2 ogres
  A boggart (D:14)
  2 necrophages
  16 centaurs
  2 phantoms
  2 kobold brigands (D:10)
  5 bullfrogs
  2 scorpions
  A hornet simulacrum (D:15)
  A battlemage (D:14)
  5 killer bees (D:10)
  2 water moccasin skeletons (D:5)
  4 wights (D:9)
  An electric eel (D:12)
  5 howler monkeys
  4 spriggan skeletons (D:11)
  A troll skeleton (D:11)
  2 jellies
  4 hounds
  A centaur skeleton (D:3)
  5 orc priests
  A bullfrog skeleton (D:5)
  An iguana (D:4)
  Ijyb (D:5)
  5 orc wizards
  A killer bee zombie (D:7)
  A howler monkey zombie (D:9)
  4 adders
  13 gnolls
  A shadow imp (D:8)
  An ufetubus (D:6)
  2 dart slugs
  30 orcs
  6 ball pythons
  4 bats
  10 endoplasms
  9 giant cockroaches
  10 goblins
  6 hobgoblins
  10 jackals
  4 quokkas
  2 frilled lizards
  6 kobolds
  4 rats
390 creatures vanquished.

Vanquished Creatures (collateral kills)
  A sphinx (Depths:1)
  Kirke (D:15)
  2 stone giants
  Nessos (D:15)
  An ettin (Depths:1)
  A rakshasa (Depths:1)
  2 boulder beetles
  A hydra (D:12)
  An ogre mage (D:15)
  Erica (D:9)
  A deep elf knight (D:15)
  2 skeletal warriors (D:13)
  A wizard (D:13)
  A harpy (D:15)
  A deep elf pyromancer (D:15)
  3 ugly things
  A deep elf zephyrmancer (D:15)
  A cyclops (D:12)
  Joseph (D:8)
  An unseen horror (D:13)
  A komodo dragon (D:11)
  A meliai (D:15)
  A slime creature (D:15)
  A hornet (D:8)
  7 yaks
  A basilisk (D:15)
  A hog (D:15)
  3 humans (D:13)
  5 vampire mosquitoes
  A water moccasin (D:11)
  2 boggarts
  2 ogres
  4 centaurs
  2 bullfrogs (D:11)
  A gnoll sergeant (D:10)
  A water moccasin skeleton (D:6)
  A killer bee (D:10)
  A wight (D:9)
  A spriggan skeleton (D:11)
  An electric eel (D:12)
  A howler monkey (D:10)
  A bullfrog zombie (D:5)
  A centaur zombie (D:9)
  2 orc priests
  2 gnoll shamans
  An iguana (D:5)
  5 orc wizards
  4 gnolls
  2 ufetubi (D:5)
  12 orcs
  A kobold (D:11)
95 creatures vanquished.

Vanquished Creatures (others)
  A boggart (D:14)
  21 battlemagi
  25 fungi
  31 plants
78 creatures vanquished.

Grand Total: 563 creatures vanquished

Notes
Turn   | Place    | Note
-------+----------+-------------------------------------------
     0 | D:1      | issech the Troll Monk began the quest for the Orb.
     0 | D:1      | Reached XP level 1. HP: 22/22 MP: 0/0
     1 | D:1      | Found a runed translucent door.
   157 | D:1      | Reached XP level 2. HP: 26/29 MP: 1/1
   169 | D:1      | Reached skill level 3 in Maces & Flails
   281 | D:1      | Reached XP level 3. HP: 7/36 MP: 2/2
   705 | D:1      | Reached XP level 4. HP: 38/45 MP: 3/3
  1050 | D:2      | Reached skill level 4 in Maces & Flails
  1252 | D:3      | Reached XP level 5. HP: 53/53 MP: 4/4
  1347 | D:3      | Noticed a necrophage
  1737 | D:3      | Killed a necrophage
  1738 | D:3      | Reached XP level 6. HP: 45/61 MP: 5/5
  1756 | D:3      | Identified the amulet "Giuwinyx" {Reflect Contam rF+ Dex+5
                  | Slay+6 SH+5}
  2054 | D:4      | Reached skill level 5 in Maces & Flails
  2092 | D:4      | Found a staircase to the Ecumenical Temple.
  2136 | D:4      | Reached skill level 1 in Shields
  2182 | D:4      | Reached XP level 7. HP: 53/68 MP: 6/6
  2349 | D:4      | Reached skill level 6 in Maces & Flails
  2799 | Temple   | Entered the Ecumenical Temple
  2818 | Temple   | Became a worshipper of Hepliaklqana the Forgotten
  2818 | Temple   | Reached * piety under Hepliaklqana
  2818 | Temple   | Reached ** piety under Hepliaklqana
  2819 | Temple   | Remembered your ancestor Si-Tayit as a battlemage
  3095 | D:5      | Entered Level 5 of the Dungeon
  3163 | D:5      | Found a hide-covered altar of Uskayaw.
  3197 | D:5      | Reached XP level 8. HP: 70/70 MP: 7/7
  3215 | D:5      | Noticed Ijyb
  3220 | D:5      | Killed Ijyb
  3290 | D:5      | Reached skill level 7 in Maces & Flails
  3583 | D:5      | Reached skill level 8 in Maces & Flails
  3770 | D:5      | Noticed Prince Ribbit
  3777 | D:5      | Killed Prince Ribbit
  3904 | D:6      | Found Urhuweq's Antique Armour Boutique.
  3957 | D:6      | Found Qilugibi's Weapon Shop.
  4349 | D:6      | Found Qesamel's Distillery.
  4364 | D:6      | Found Lefyent's Assorted Antiques.
  4415 | D:6      | Reached XP level 9. HP: 72/78 MP: 8/8
  4882 | D:7      | Reached skill level 5 in Fighting
  4918 | D:7      | Reached skill level 9 in Maces & Flails
  5004 | D:7      | Reached *** piety under Hepliaklqana
  5141 | D:7      | Reached skill level 5 in Dodging
  5302 | D:7      | Noticed a two-headed ogre
  5308 | D:7      | Killed a two-headed ogre
  5656 | D:8      | Noticed Joseph
  5664 | D:8      | Killed Joseph
  5665 | D:8      | Reached skill level 10 in Maces & Flails
  5824 | D:8      | Reached XP level 10. HP: 87/87 MP: 9/9
  5903 | D:8      | Paralysed by a hornet for 3 turns
  6797 | D:9      | Noticed Erica
  6805 | D:9      | Killed Erica
  6806 | D:9      | Reached skill level 11 in Maces & Flails
  6884 | D:9      | Reached skill level 1 in Armour
  7263 | D:9      | Noticed a two-headed ogre
  7271 | D:9      | Killed a two-headed ogre
  7393 | D:9      | Reached **** piety under Hepliaklqana
  7479 | D:10     | Entered Level 10 of the Dungeon
  7525 | D:10     | Reached XP level 11. HP: 89/95 MP: 10/10
  7537 | D:10     | Found a staircase to the Orcish Mines.
  7911 | D:10     | Noticed a soul eater
  8694 | D:11     | Noticed a two-headed ogre
  8694 | D:11     | Noticed a boulder beetle
  8717 | D:10     | Killed a two-headed ogre
  8723 | D:10     | Reached skill level 12 in Maces & Flails
  8751 | D:11     | Noticed a two-headed ogre
  8805 | D:10     | Killed a two-headed ogre
  8825 | D:10     | Killed a boulder beetle
  9002 | D:11     | Found a staircase to the Lair.
  9021 | D:11     | Noticed a seven-headed hydra
  9036 | D:11     | Killed a seven-headed hydra
  9235 | D:11     | Noticed a boulder beetle
  9273 | D:11     | Killed a boulder beetle
  9443 | D:11     | Reached skill level 13 in Maces & Flails
  9519 | D:11     | Found Osch's Distillery.
  9535 | D:11     | Reached XP level 12. HP: 103/106 MP: 11/11
  9763 | D:11     | Found an opulent altar of Gozag.
  9764 | D:11     | Found a runed translucent gate.
  9764 | D:11     | Found a runed translucent gate.
  9764 | D:11     | Found a runed translucent gate.
  9768 | D:11     | Found Gisan's Assorted Antiques.
  9768 | D:11     | Noticed FizzleBang's ghost (journeyman GnWn)
  9768 | D:11     | Noticed a catoblepas
  9769 | D:11     | Noticed a centaur warrior
  9832 | D:12     | Noticed a four-headed hydra
 10019 | D:12     | Killed a four-headed hydra
 10373 | D:12     | Reached ***** piety under Hepliaklqana
 11070 | D:13     | Identified the +10 battleaxe "Jicol" {drain, rElec Will+}
 11153 | D:13     | Got the Volume of Dislocated Ice
 11350 | D:13     | Reached skill level 5 in Armour
 11373 | D:13     | Noticed a vault guard
 11401 | D:13     | Noticed a centaur warrior
 11416 | D:13     | Killed a vault guard
 11417 | D:13     | Reached XP level 13. HP: 57/115 MP: 12/12
 11425 | D:13     | Reached skill level 14 in Maces & Flails
 11427 | D:13     | Reached skill level 5 in Shields
 11541 | D:13     | Found a gate to the Vaults.
 11979 | D:14     | Found Afiocs's Antique Armour Shoppe.
 11997 | D:14     | Bought a scorched cloak for 294 gold pieces
 11997 | D:14     | Identified the +0 cloak of Essas {Contam rN++ Int+2 Dex+3}
                  | (You bought it in a shop on level 14 of the Dungeon)
 12284 | D:14     | HP: 3/117 [centaur warrior/arrow[a boggart] (11)]
 13526 | D:15     | Entered Level 15 of the Dungeon
 14306 | D:15     | Found a staircase to the Depths.
 14376 | D:15     | Found a stormy altar of Qazlal.
 14377 | D:15     | Found a shimmering blue altar of Sif Muna.
 14378 | D:15     | Found an ancient bone altar of Kikubaaqudgha.
 14383 | D:15     | Noticed Kirke
 14408 | D:15     | Killed Kirke
 14498 | D:15     | Reached XP level 14. HP: 115/126 MP: 13/13
 14567 | D:15     | Noticed Nessos
 14570 | D:15     | Killed Nessos
 14653 | D:15     | Reached skill level 10 in Fighting
 14816 | D:15     | Reached skill level 5 in Stealth
 14934 | D:15     | Reached skill level 15 in Maces & Flails
 15301 | D:15     | Noticed a frost giant
 15411 | D:15     | Noticed a fire giant
 15621 | D:15     | Gained mutation: You are robust. (+10% HP) [potion of
                  | mutation]
 15621 | D:15     | Gained mutation: You have sharp toenails. [potion of
                  | mutation]
 15640 | D:15     | Killed a frost giant
 15646 | D:15     | Killed a fire giant
 15665 | D:15     | Killed a ghost moth
 15803 | D:15     | Identified the +1 halberd of the Forest {vorpal, rElec rF-
                  | Dex+6}
 16141 | Depths:1 | Entered Level 1 of the Depths
 16156 | Depths:1 | Noticed a red very ugly thing
 16162 | Depths:1 | Noticed a red very ugly thing
 16163 | Depths:1 | Noticed a red very ugly thing
 16163 | Depths:1 | Noticed a red very ugly thing
 16167 | Depths:1 | Noticed a stone giant
 16187 | Depths:1 | Killed a brown very ugly thing
 16190 | Depths:1 | Killed a red very ugly thing
 16191 | Depths:1 | Reached XP level 15. HP: 59/153 MP: 14/14
 16196 | Depths:1 | Reached skill level 1 in Axes
 16822 | Depths:1 | Noticed a tengu reaver
 16827 | Depths:1 | Killed a tengu reaver
 17097 | Depths:1 | Reached skill level 1 in Throwing
 17186 | Depths:1 | Noticed a frost giant
 17194 | Depths:1 | Killed a frost giant
 17487 | Depths:1 | Identified the amulet of the Sky {RegenMP rElec rF+ Str+4}
 17571 | Depths:1 | Noticed a sphinx
 17582 | Depths:1 | Killed a sphinx
 17583 | Depths:1 | Reached skill level 5 in Axes
 17585 | Depths:1 | Found Monarok's Book Shoppe.
 17585 | Depths:1 | Found Ismoorei's Jewellery Shop.
 17586 | Depths:1 | Found Pepnosig's Jewellery Shop.
 17620 | Depths:1 | Found Juleoc's Magic Scroll Shop.
 17623 | Depths:1 | Noticed a fire giant
 17766 | Depths:1 | Killed a fire giant
 17971 | Depths:1 | Bought a scroll of identify for 44 gold pieces
 17985 | Depths:1 | Identified a scroll of acquirement
 17985 | Depths:1 | Acquired the ring "Kohoum" {rC+ Dex+6}
 18009 | Depths:1 | Found Sexoaric's General Store.
 18043 | Depths:1 | Mangled by an iron troll

Illustrated notes

Levels and vault maps discovered:
D:1:      dpeg_arrival_caged_fury, layout_rooms, dk_noncrumbling_2
D:2:      layout_rooms
D:3:      layout_rooms
D:4:      layout_gridville, minmay_temple_entry_slanted, serial_bayou_crossing
D:5:      layout_basic, mainiacjoe_overflow_chevrons, uniq_ijyb,
          uniq_prince_ribbit1
D:6:      nicolae_cairo_tiling_large, layout_loops_cross, serial_shops,
          nicolae_diamond_shop, nicolae_square_shop, shop_statue,
          nicolae_shop_trees
D:7:      layout_loops_ring
D:8:      layout_basic, uniq_joseph
D:9:      layout_basic, grunt_ogre_cave, uniq_erica
D:10:     minmay_general_purpose_star, layout_loops_ring, david_orc_5
D:11:     layout_rooms, due_lair_maze_entry_diamond, ebering_ghost_gozag,
          serial_shops, shop, hangedman_tell_no_tales
D:12:     layout_basic
D:13:     layout_cave_pools, grunt_vaults_entry_tiered,
          minmay_misc_feat_pillars, corexii_hall_statues_s
D:14:     layout_rooms, serial_shops, nicolae_shop_statue_plus,
          chequers_serial_rivers_micro_e
D:15:     hangedman_slaughterboxes, serial_shops, uniq_nessos, uniq_kirke
Temple:   nicolae_temple_the_god_donut
Depths:1: layout_basic, hell_entry, trove_entry_hex_spiral, pan_entry,
          serial_shops, nicolae_shop_waterfront, nicolae_diamond_shop, shop,
          shop, kennysheep_little_box, nicolae_hepliaklqana_hippocampus,
          minmay_shop_grove, firewood_loft

Skill      XL: |  1  2  3  4  5  6  7  8  9 10 11 12 13 14 15 |
---------------+----------------------------------------------+-----
Maces & Flails | 3 4 5 6 8 10 11 13 14 15 | 15.3
Fighting       | 3 4 5 6 7 8 9 11 | 11.5
Dodging        | 3 4 5 6 7 8 9 |  9.5
Shields        | 1 2 3 4 5 6 |  6.4
Stealth        | 2 3 4 5 |  5.8
Armour         | 2 3 5 6 |  6.8
Axes           | 5 |  5.6
Throwing       | 1 |  1.3
Unarmed Combat | |  0.6

Action                   |  1- 3 |  4- 6 |  7- 9 | 10-12 | 13-15 || total
-------------------------+-------+-------+-------+-------+-------++-------
Melee: Mace              |   127 |   226 |       |       |       ||   353
       Punch             |       |     2 |     1 |       |       ||     3
       Giant club        |       |     8 |   122 |       |       ||   130
       Flail             |       |       |    43 |    80 |       ||   123
       Dire flail        |       |       |       |   431 |   493 ||   924
       Unarmed           |       |       |       |       |     5 ||     5
       Kick              |       |       |       |       |    87 ||    87
       Battleaxe         |       |       |       |       |   145 ||   145
Throw: Stone             |       |     1 |       |       |       ||     1
       Large rock        |       |       |       |     1 |     6 ||     7
Invok: Ancestor Life: Ba |       |       |     1 |       |       ||     1
  Use: Scroll            |       |       |     7 |     9 |    12 ||    28
       Potion            |       |       |       |       |     2 ||     2
 Stab: Distracted        |     1 |       |     1 |    10 |    20 ||    32
       Sleeping          |       |     1 |     4 |     1 |     9 ||    15
       Invisible         |       |       |       |       |     2 ||     2
Armor: Robe              |    70 |    68 |    56 |     8 |       ||   202
       Acid dragon scale |       |       |       |   205 |   264 ||   469
Dodge: Dodged            |   106 |   143 |    88 |   241 |   434 ||  1012
Block: Other             |       |    27 |    37 |    95 |   130 ||   289
       Reflection        |       |     1 |       |     9 |    21 ||    31
